 Dungeon Crawl Stone Soup version 0.28.0-43-g3370ac3207 (webtiles) character file.

Game seed: 13648149826761756652

109 Faeu the Shield-Bearer (level 4, -3/41 HPs)
             Began as a Minotaur Fighter on Mar 23, 2022.
             Succumbed to a scorpion's poison
             ... on level 4 of the Dungeon.
             The game lasted 00:02:31 (1378 turns).

Faeu the Shield-Bearer (Minotaur Fighter)           Turns: 1378, Time: 00:02:31

Health: -3/41      AC:  7    Str: 23    XL:     4   Next: 60%
Magic:  3/3        EV:  9    Int:  5    God:
Gold:   84         SH:  4    Dex:  9    Spells: 3/3 levels left

rFire   . . .      SeeInvis .   a - +0 long sword {long}
rCold   . . .      Faith    .   c - +0 buckler
rNeg    . . .      Spirit   .   b - +0 scale mail
rPois   .          Reflect  .   (helmet restricted)
rElec   .          Harm     .   (no cloak)
rCorr   .          Rampage  .   (no gloves)
Will    .....                   (no boots)
Stlth   ..........              (no amulet)
HPRegen 0.13/turn               (no ring)
MPRegen 0.08/turn               (no ring)

@: lethally poisoned (-3 -> -28)
A: horns 2, retaliatory headbutt
a: no special abilities


You were on level 4 of the Dungeon.
You visited 1 branch of the dungeon, and saw 4 of its levels.

You collected 84 gold pieces.


Innate Abilities, Weirdness & Mutations

You have a pair of horns on your head.
You reflexively headbutt those who attack you in melee.


   Skills:
 + Level 4.5 Fighting
 + Level 3.5 Long Blades
 + Level 4.5 Armour
 + Level 4.5 Shields


You had 3 spell levels left.
You didn't know any spells.
Your spell library was empty.

Inventory:

Hand Weapons
 a - a +0 long sword (weapon) {long}
Armour
 b - a +0 scale mail (worn)
 c - a +0 buckler (worn)
Jewellery
 g - an amulet of regeneration {@e2}
   (You found it on level 1 of the Dungeon)
Scrolls
 e - 4 scrolls of identify {unknown}
 h - a scroll of fear {unknown}
 l - 2 scrolls of teleportation {unknown}
 n - a scroll of summoning {unknown}
Potions
 d - a potion of might
 f - 2 potions of attraction {unknown}
 i - a potion of degeneration {unknown}
 j - a potion of lignification {unknown}
 k - a potion of ambrosia {unknown}
 m - 2 potions of heal wounds {unknown}
 o - a potion of mutation {unknown}

Dungeon Overview and Level Annotations

Branches:
Dungeon (3/15)

Altars:

##.# ...# .#
.#.##.# ......
##.>..###
#.......#
#.......#
#@.......
#.)...#..
#.########....$#
#...........#.##
##########.##.#
#... # <..#.#
##.# # ..


There were no monsters in sight!


Message History

There are monsters nearby!
You hit the frilled lizard.
You kill the frilled lizard! 😎 HP[+1]
A quokka is nearby!
A quokka is nearby!
You hit the quokka but do no damage. Your headbutt misses the quokka.
You block the quokka's attack.
A quokka is nearby!
You hit the quokka. You headbutt the quokka.
You kill the quokka!
o - a fuming orange potion No target in view!
You now have 84 gold pieces (gained 16).
e - 4 scrolls labelled QESUASAXAN (gained 1)
A kobold comes into view. It is wielding a +0 dagger.
The kobold shouts!
A kobold is nearby!
You hit the kobold.
You kill the kobold!
Things that are here:
a +0 dagger {short}; a kobold corpse No target in view!
A sourceless malevolence fills the Dungeon...
You fall into a shaft and drop 1 floor!
The shaft crumbles and collapses.
No target in view!
A scorpion comes into view.
A scorpion is nearby!
A scorpion is nearby!
You block the scorpion's attack.
A scorpion is nearby!
You hit the scorpion but do no damage. The scorpion stings you.
You are poisoned.
The scorpion poisons you!
The scorpion stings you but does no damage. 😕 HP[-1]
You take 1 damage, and now have 32/33 hp.
A scorpion is nearby!
You slash the scorpion!
You feel very sick. You block the scorpion's attack.
You hit the scorpion. You headbutt the scorpion.
You feel very sick.
The scorpion stings you but does no damage.
The scorpion stings you.
You are lethally poisoned!
The scorpion poisons you!
There is a lethal amount of poison in your body! 😮 HP[-11]
You take 11 damage, and now have 21/33 hp.
MASSIVE DAMAGE!! (PAUSE) Unknown command.
Unknown command.
You are too injured to fight recklessly!
You are too injured to fight recklessly!
You are too injured to fight recklessly!
You are too injured to fight recklessly!
You are too injured to fight recklessly!
You are too injured to fight recklessly!
You are too injured to fight recklessly!
You are too injured to fight recklessly!
You are too injured to fight recklessly!
You are too injured to fight recklessly!
You are too injured to fight recklessly!
You are too injured to fight recklessly!
You are too injured to fight recklessly!
You are too injured to fight recklessly!
You are too injured to fight recklessly!
You are too injured to fight recklessly!
You are too injured to fight recklessly!
You are too injured to fight recklessly!
You are too injured to fight recklessly!
You are too injured to fight recklessly!
You are too injured to fight recklessly!
You are too injured to fight recklessly!
You are too injured to fight recklessly!
You are too injured to fight recklessly!
You closely miss the scorpion.
* * * LOW HITPOINT WARNING * * *
You feel very sick. The scorpion stings you.
* * * LOW HITPOINT WARNING * * *
You are more poisoned.
The scorpion poisons you! The scorpion stings you.
* * * LOW HITPOINT WARNING * * *
You are more poisoned.
The scorpion poisons you! 😨 HP[-11]
You take 11 damage, and now have 10/33 hp.
MASSIVE DAMAGE!! (PAUSE)
You hit the scorpion.
You kill the scorpion!
* * * LOW HITPOINT WARNING * * *
You feel extremely sick.
You have reached level 4!
You feel stronger. 😱 HP[-7] MP[+1]
You now have 41 max hp (+8).
Your mp is fully restored (3).
You die...

Skill      XL: |  1  2 |
---------------+-------+-----
Fighting       | 4 |  4.5
Armour         | 4 |  4.5
Shields        | 4 |  4.5
Long Blades    | 3 |  3.5

Action                   |  1- 3 |  4- 6 || total
-------------------------+-------+-------++-------
Melee: Long sword        |    94 |       ||    94
       Headbutt          |     7 |       ||     7
Armor: Scale mail        |    49 |       ||    49
Dodge: Dodged            |    37 |       ||    37
Block: Buckler           |    19 |       ||    19

Levels and vault maps discovered:
D:1:      eino_arrival_water_star, layout_rooms,
          shapermc_ecumenical_altar_acropolis
D:2:      layout_loops_ring, grunt_ministairs_1
D:3:      minmay_roachtagon, layout_loops_ring, lemuel_round_altar,
          gammafunk_ghost_necromancy
D:4:      layout_loops_ring, uniq_menkaure, uniq_pikel, uniq_ijyb

Notes
Turn   | Place    | Note
-------+----------+-------------------------------------------
     0 | D:1      | Faeu the Minotaur Fighter began the quest for the Orb.
     0 | D:1      | Reached XP level 1. HP: 19/19 MP: 0/0
     0 | D:1      | magus.rc [v1.9.6]
   133 | D:1      | Reached XP level 2. HP: 25/27 MP: 1/1
   228 | D:1      | Found a faded altar of an unknown god.
   262 | D:1      | Reached skill level 4 in Fighting
   262 | D:1      | Reached skill level 4 in Armour
   314 | D:1      | Reached skill level 4 in Shields
   554 | D:1      | Reached skill level 3 in Long Blades
   555 | D:1      | Reached XP level 3. HP: 33/33 MP: 2/2
  1367 | D:3      | You fall into a shaft and drop 1 floor!
  1370 | D:4      | Noticed a scorpion
  1377 | D:4      | Killed a scorpion
  1377 | D:4      | HP: 2/33 [poisoned by a scorpion]
  1378 | D:4      | Reached XP level 4. HP: 3/41 MP: 3/3
  1378 | D:4      | Succumbed to a scorpion's poison

Vanquished Creatures
  A scorpion (D:4)
  5 endoplasms
  2 giant cockroaches
  3 goblins
  7 hobgoblins
  4 jackals (D:1)
  3 quokkas
  A ball python (D:1)
  4 bats
  5 frilled lizards
  6 kobolds
  7 rats
48 creatures vanquished.

Table legend:
 A = Non-vault XP
 B = Vault XP
 C = Vault XP percentage of total XP
 D = Non-vault monster count
 E = Vault monster count
 F = Vault count percentage of total count
                 A         B        C        D         E       F
            +---------+---------+-------+---------+---------+-------
      Total |     154 |       3 |   1.9 |      46 |       2 |   4.2
            +---------+---------+-------+---------+---------+-------
        D:1 |      44 |       0 |   0.0 |      28 |       0 |   0.0
        D:2 |      21 |       3 |  12.5 |      13 |       2 |  13.3
        D:3 |       6 |       0 |   0.0 |       4 |       0 |   0.0
        D:4 |      83 |       0 |   0.0 |       1 |       0 |   0.0
            +---------+---------+-------+---------+---------+-------

Illustrated notes

Table legend:
 A = Kills in this place as a percentage of kills in entire the game.
 B = Kills by you in this place as a percentage of kills by you in the entire game.
 C = Kills by friends in this place as a percentage of kills by friends in the entire game.
 D = Other kills in this place as a percentage of other kills in the entire game.
 E = Experience gained in this place as a percentage of experience gained in the entire game.
 F = Experience gained in this place divided by the number of levels of this place that you have seen.
                   A       B       C       D       E      F
               +-------+-------+-------+-------+-------+----------------------
         Total | 100.0 | 100.0 |   N/A |   N/A | 100.0 |  39.2
       Dungeon | 100.0 | 100.0 |   N/A |   N/A | 100.0 |  39.2
               +-------+-------+-------+-------+-------+----------------------

Table legend: (Time is in decaauts)
 A = Elapsed time spent in this place.
 B = Non-inter-level travel time spent in this place.
 C = Inter-level travel time spent in this place.
 D = Time resting spent in this place.
 E = Time spent auto-exploring this place.
 F = Levels seen in this place.
 G = Mean time per level.
                   A        B        C        D        E       F      G
               +--------+--------+--------+--------+--------+-----+--------+
         Total |   1405 |   1365 |     40 |      0 |   1127 |   4 |  351.2 |
       Dungeon |   1405 |   1365 |     40 |      0 |   1127 |   4 |  351.2 |
               +--------+--------+--------+--------+--------+-----+--------+

Top non-repeatable levels by time:
     D:2: 689 daAuts
     D:1: 638 daAuts
     D:3: 65 daAuts
     D:4: 12 daAuts
